 Dungeon Crawl Stone Soup version 0.29-a0-410-g9596d59a08 (webtiles) character file.

Game seed: 754507307111784179

93 Lekart the Skirmisher (level 4, -1/42 HPs)
             Began as a Draconian Chaos Knight on May 13, 2022.
             Was a Plaything of Xom.
             Slain by an orc
             ... wielding a +3 mace
              (3 damage)
             ... on level 3 of the Dungeon on May 14, 2022.
             The game lasted 00:04:52 (2289 turns).

Lekart the Skirmisher (Draconian Chaos Knight)      Turns: 2289, Time: 00:04:53

Health: -1/42      AC:  5    Str: 14    XL:     4   Next: 37%
Magic:  4/4        EV: 12    Int: 13    God:    Xom [..*...]
Gold:   88         SH:  0    Dex: 12    Spells: 3/3 levels left

rFire   . . .      SeeInvis .   a - +0 falchion (chaos)
rCold   . . .      Faith    .   (no shield)
rNeg    . . .      Spirit   .   (body armour unavailable)
rPois   .          Reflect  .   (helmet restricted)
rElec   .          Harm     .   (no cloak)
rCorr   .          Rampage  .   (no gloves)
Will    .....                   (no boots)
Stlth   +.........              (no amulet)
HPRegen 0.14/turn               (no ring)
MPRegen 0.09/turn               (no ring)

@: slowed, very slow
A: AC +5, unfitting armour, cold-blooded
a: Renounce Religion


You were on level 3 of the Dungeon.
You worshipped Xom.
You were a toy of Xom.
You visited 1 branch of the dungeon, and saw 3 of its levels.

You collected 178 gold pieces.
You spent 90 gold pieces at shops.

Inventory:

Hand Weapons
 a - a +0 falchion of chaos (weapon)
Jewellery
 d - a ring of positive energy
 l - an amulet of reflection
Scrolls
 k - a scroll of enchant armour
Potions
 c - a potion of magic
 e - a potion of might
 f - 2 potions of attraction {unknown}
 g - a potion of haste {unknown}
 h - 3 potions of heal wounds {unknown}
 i - a potion of curing {unknown}
 j - a potion of mutation {unknown}
 m - a potion of brilliance {unknown}
Miscellaneous
 b - a piece from Xom's chessboard (15/15) (quivered)


   Skills:
 * Level 5.1 Fighting
 + Level 3.8 Long Blades
 - Level 2.1 Dodging


You had 3 spell levels left.
You didn't know any spells.
Your spell library contained the following spells:

 Spells                   Type           Power      Damage    Failure   Level
 Animate Skeleton         Necr           0%         N/A       30%         1
 Pain                     Necr           0%         1d4       30%         1
 Slow                     Hex            0%         N/A       30%         1
 Confusing Touch          Hex            0%         N/A       67%         3
 Vampiric Draining        Necr           0%         2d6       67%         3


Dungeon Overview and Level Annotations

Branches:
Dungeon (3/15)

Altars:
Cheibriados

Shops:
D:2 ?

Annotations:
D:3 Natasha


Innate Abilities, Weirdness & Mutations

Your plain brown scales are hard. (AC +5)
You cannot fit into any form of body armour.
You are cold-blooded and may be slowed by cold attacks.


Message History

No target in view!
An orc comes into view. It is wielding a +0 hand axe.
The orc shouts!
You hear a shout! x2
An orc comes into view. It is wielding a +3 mace.
Natasha, Servant of Life and Death comes into view.
Natasha hisses angrily.
An orc comes into view. It is wielding a +0 flail.
There are monsters nearby!
Found a faded altar of an unknown god.
Natasha stares at you and mumbles some strange words.
You feel yourself slow down.
There are monsters nearby!
An orc comes into view. It is wielding a +0 short sword.
The orc hits you with a +0 hand axe.
A goblin comes into view. It is wielding a +0 dagger.
The orc barely misses you. x2
You closely miss the orc.
The orc shouts!
Your tail-slap misses the orc.
The orc closely misses you. The orc hits you with a +0 hand axe.
You hit the orc.
The orc is heavily wounded.
The orc hits you with a +3 mace. The orc barely misses you.
You slash the orc! You burn the orc.
You kill the orc!
The orc hits you with a +3 mace. The orc hits you with a +0 hand axe.
Natasha stares at you and mumbles some strange words.
The magic dart hits you. The orc hits you but does no damage. x2
The orc closely misses you.
You hit Natasha but do no damage.
Natasha is poisoned.
The orc hits you with a +3 mace! The orc hits you with a +0 hand axe.
Natasha stares at you and mumbles some strange words.
The magic dart hits you!
* * * LOW HITPOINT WARNING * * *
The orc barely misses you. The orc closely misses you.
The orc hits you with a +0 hand axe.
* * * LOW HITPOINT WARNING * * *
The orc hits you with a +3 mace.
You die...
Xom guffaws!

.. #.. .^.. .##
#...._.#
..##.#....# ...
..#.#.... ...
#.#.#..# ....
#......# #.
....###goo#.####
###.
.....#.@o...... ...
..####....h......
..
...................
#.
#...#####..........
#.## ...#
#..#....... #..#
....#####..#.......
#<.
#.......#........
##.
##....#[.........
## #....#..#.......
#


You could see Natasha (very poisoned), 3 orcs and a goblin.

Vanquished Creatures
  Natasha (D:3)
  2 worms (D:2)
  A dart slug (D:1)
  2 orcs (D:3)
  2 endoplasms
  8 giant cockroaches
  11 goblins (D:2)
  10 hobgoblins
  2 quokkas
  A ball python (D:1)
  2 frilled lizards
  5 kobolds
  5 rats
52 creatures vanquished.

Notes
Turn   | Place    | Note
-------+----------+-------------------------------------------
     0 | D:1      | Lekart the Draconian Chaos Knight began the quest for the
                  | Orb.
     0 | D:1      | Reached XP level 1. HP: 19/19 MP: 1/1
     0 | D:1      | Noticed a minotaur skeleton
    13 | D:1      | Noticed a minotaur skeleton
   389 | D:1      | Reached XP level 2. HP: 25/27 MP: 2/2
   776 | D:1      | XOM is BORED!
   776 | D:1      | XOM: silly message
   795 | D:1      | Reached skill level 4 in Fighting
   953 | D:1      | XOM: divination: magic mapping
  1085 | D:2      | Reached XP level 3. HP: 33/33 MP: 3/3
  1085 | D:2      | Upgraded the game from 0.29-a0-409-gd843f3a48c to
                  | 0.29-a0-410-g9596d59a08
  1352 | D:2      | Found Fiozxaipp's Magic Scroll Emporium.
  1358 | D:2      | Bought a scroll of enchant armour for 90 gold pieces
  1471 | D:2      | XOM: divination: detect creatures
  2127 | D:3      | Noticed Natasha
  2127 | D:3      | XOM: potion effect (might)
  2132 | D:3      | Killed Natasha
  2133 | D:3      | Reached skill level 5 in Fighting
  2133 | D:3      | Reached XP level 4. HP: 33/42 MP: 4/4
  2229 | D:3      | Found a snail-covered altar of Cheibriados.
  2283 | D:3      | Noticed Natasha
  2284 | D:3      | Found a faded altar of an unknown god.
  2289 | D:3      | HP: 2/42 [orc/+0 hand axe (2)]
  2289 | D:3      | Slain by an orc

Illustrated notes

Levels and vault maps discovered:
D:1:      shiori_arrival_whats_in_store_for_you, layout_loops_ring,
          minmay_worlds_worst_comb
D:2:      cheibrodos_greedy_goblins, layout_loops_ring, serial_shops, shop
D:3:      layout_rooms, mainiacjoe_overflow_catwalk,
          ebering_ecumenical_altar_webs, serial_curves, eino_curves_04,
          eino_curves_04, eino_curves_04, eino_curves_03,
          chequers_serial_rivers_room_b, st_stairs_11, corner_web_ring,
          roderic_roman_lattice, uniq_natasha, uniq_sigmund

Skill      XL: |  1  2  3 |
---------------+----------+-----
Fighting       | 4 5 |  5.1
Long Blades    | |  3.8
Dodging        | |  2.1

Action                   |  1- 3 |  4- 6 || total
-------------------------+-------+-------++-------
Melee: Falchion          |   128 |    11 ||   139
       Tailslap          |    11 |       ||    11
  Use: Scroll            |     2 |       ||     2
 Stab: Sleeping          |     3 |       ||     3
Armor: Skin              |    35 |     4 ||    39
Dodge: Dodged            |    75 |    10 ||    85

Table legend: (Time is in decaauts)
 A = Elapsed time spent in this place.
 B = Non-inter-level travel time spent in this place.
 C = Inter-level travel time spent in this place.
 D = Time resting spent in this place.
 E = Time spent auto-exploring this place.
 F = Levels seen in this place.
 G = Mean time per level.
                   A        B        C        D        E       F      G
               +--------+--------+--------+--------+--------+-----+--------+
         Total |   2309 |   2249 |     60 |      0 |   1942 |   3 |  769.7 |
       Dungeon |   2309 |   2249 |     60 |      0 |   1942 |   3 |  769.7 |
               +--------+--------+--------+--------+--------+-----+--------+

Top non-repeatable levels by time:
     D:2: 1064 daAuts
     D:1: 1051 daAuts
     D:3: 193 daAuts
